 Dungeon Crawl Stone Soup version 0.23.2-1-ga50397a6bc (webtiles) character file.

Game seed: 6873772039724875732

98 Gargoyl the Skirmisher (level 4, -3/40 HPs)
             Began as a Centaur Abyssal Knight on May 8, 2019.
             Was a Follower of Lugonu.
             Slain by a gnoll
             ... wielding a +0 spear
              (7 damage)
             ... on level 2 of the Dungeon.
             The game lasted 00:02:48 (1974 turns).

Gargoyl the Skirmisher (Centaur Abyssal Knight)     Turns: 1974, Time: 00:02:49

Health: -3/40      AC:  8    Str: 15    XL:     4   Next: 43%
Magic:  5/5        EV:  0    Int: 11    God:    Lugonu [*.....]
Gold:   70         SH:  7    Dex:  9    Spells: 3/3 levels left

rFire    . . .     SeeInvis .   a - +1 hand axe
rCold    . . .     Gourm    .   d - +0 shield
rNeg     . . .     Faith    .   e - +0 plate armour
rPois    .         Spirit   .   (no helmet)
rElec    .         Reflect  .   (no cloak)
rCorr    .         Harm     .   (no gloves)
MR       .....                  (no barding)
Stlth    ..........             (no amulet)
HPRegen  0.13/turn              (no ring)
MPRegen  0.09/turn              (no ring)

@: very quick
A: large, hooves 3, deformed body, speed 2, tough skin 3
a: Depart the Abyss, Renounce Religion


You were on level 2 of the Dungeon.
You worshipped Lugonu.
Lugonu was aware of your devotion.
You were not hungry.

You visited 1 branch of the dungeon, and saw 2 of its levels.
You visited the Abyss 1 time.

You collected 70 gold pieces.

Inventory:

Hand Weapons
 a - a +1 hand axe (weapon)
Armour
 d - a +0 shield (worn)
 e - a +0 plate armour (worn)
Scrolls
 f - 2 scrolls of identify
 g - a scroll of fog {unknown}
 h - a scroll of amnesia {unknown}
Comestibles
 c - 4 rations


   Skills:
 + Level 3.7 Fighting
 + Level 2.4 Axes
 * Level 2.0 Armour
 + Level 0.8 Dodging
 * Level 1.1 Shields
 * Level 2.3 Invocations


You had 3 spell levels left.
You didn't know any spells.
Your spell library was empty.

Dungeon Overview and Level Annotations

Branches:
Dungeon (2/15)

Altars:


Innate Abilities, Weirdness & Mutations

You have hooves in place of feet.
Armour fits poorly on your strangely shaped body.
You cover ground very quickly.
You have extremely tough skin. (AC +3)


Message History

The gnoll is moderately wounded.
You closely miss the gnoll. You hit the worm. You block the gnoll's attack.
The gnoll hits you with a +0 halberd! The worm bites you!
The gnoll hits you with a +0 spear.
* * * LOW HITPOINT WARNING * * *
You hit the gnoll. You kick the gnoll, but do no damage.
The gnoll is heavily wounded.
Your plate armour prevents you from hitting the gnoll.
You hit the worm. You block the gnoll's attack.
The gnoll hits you with a +0 halberd!
* * * LOW HITPOINT WARNING * * *
Unknown command.
Unknown command.
You hit the gnoll. You kick the gnoll.
You kill the gnoll!
Lugonu accepts your kill.
Your shield and plate armour prevent you from hitting the worm.
You barely miss the gnoll. You block the worm's attack.
The gnoll hits you with a +0 spear!
You die...

#...######÷....###.#.###.....#...
....# #.....# #.#.###.....####
##.## #.....# #..<......### #.#
#.....###########.###### #.#
#.......# #.....#. ##.# ##...##.#
##...... .#.# ######.# #.##.#.
.#.# #)###### #.##... ...#
******#@g....# #.####. .###
#......)w###.# #.####. †#
#.##......#*,* #...... .#
****,*#.##.#.#*,* ####### .#
*,,,,#..,..#.#*,* ##
*,***#.,*###.#*,* *******,*
#,,****.#*,*
,,,,,,,,****,,,,,,,**,*
,*****,,**,,,,,******,*


You could see a worm and a gnoll.

Vanquished Creatures
  3 gnolls (D:2)
  An adder (D:2)
  An ooze (D:1)
  2 worms (D:2)
  2 dart slugs (D:1)
  2 leopard geckos
  4 giant cockroaches
  3 goblins
  5 hobgoblins (D:1)
  4 jackals (D:1)
  5 kobolds
  A quokka (D:2)
  3 bats
  2 frilled lizards (D:1)
  4 rats
42 creatures vanquished.

Notes
Turn   | Place    | Note
-------+----------+-------------------------------------------
     0 | Abyss:1  | Gargoyl the Centaur Abyssal Knight began the quest for the
                  | Orb.
     0 | Abyss:1  | Reached XP level 1. HP: 19/19 MP: 2/2
    49 | Abyss:1  | Noticed a bone dragon
    60 | Abyss:1  | Noticed a ynoxinul
    74 | Abyss:1  | Noticed a wretched star
   120 | Abyss:1  | Noticed an ancient zyme
   122 | D:1      | Escaped the Abyss
   346 | D:1      | Reached XP level 2. HP: 22/26 MP: 3/3
   371 | D:1      | Reached * piety under Lugonu
   893 | D:1      | Reached XP level 3. HP: 31/31 MP: 4/4
  1707 | D:2      | Reached skill level 1 in Shields
  1963 | D:2      | Reached XP level 4. HP: 38/40 MP: 5/5
  1974 | D:2      | Slain by a gnoll

Skill      XL: |  1  2  3 |
---------------+----------+-----
Axes           | 2 |  2.4
Shields        | 1 |  1.1
Armour         | 2 |  2.0
Fighting       | |  3.7
Dodging        | |  0.8
Invocations    | |  2.3

Action                   |  1- 3 |  4- 6 || total
-------------------------+-------+-------++-------
Melee: Hand axe          |   116 |     8 ||   124
       Kick              |    28 |     4 ||    32
Invok: Depart the Abyss  |     1 |       ||     1
  Use: Potion            |     2 |     1 ||     3
       Scroll            |     3 |       ||     3
  Eat: Chunk             |     2 |       ||     2
Armor: Leather armour    |    23 |       ||    23
       Ring mail         |    12 |       ||    12
       Plate armour      |     8 |     5 ||    13
Dodge: Dodged            |    21 |       ||    21
Block: Shield            |    33 |    11 ||    44
